 Dungeon Crawl Stone Soup version 0.27-a0-998-g4cfe56dd59 (webtiles) character file.

Game seed: 11049294908670751972

3971 wakim the Grappler (level 10, -10/97 (100) HPs)
             Began as a Troll Berserker on Apr 16, 2021.
             Was an Elder of Trog.
             Mangled by a wight
             ... wielding a +2 halberd of venom
              (12 damage)
             ... on level 8 of the Dungeon.
             The game lasted 00:23:11 (6692 turns).

wakim the Grappler (Troll Berserker)                Turns: 6692, Time: 00:23:12

HP:   -10/97 (100)  AC:  5    Str: 29    XL:     10   Next: 2%
MP:   9/9           EV: 11    Int:  4    God:    Trog [****..]
Gold: 413           SH:  0    Dex:  9    Spells: 9/9 levels left

rFire    . . .     SeeInvis .     - Unarmed
rCold    + . .     Faith    .   (no shield)
rNeg     . . .     Spirit   .   d - +1 robe {Will+}
rPois    .         Reflect  .   (helmet restricted)
rElec    .         Harm     .   (no cloak)
rCorr    .         Rampage  .   (gloves unavailable)
Will     +++..                  (boots unavailable)
Stlth    +.........             (no amulet)
HPRegen  2.26/turn              g - ring of protection from cold
MPRegen  0.11/turn              (no ring)

@: lethally poisoned (-10 -> -11), regenerating, lightly drained
A: large, unfitting armour, claws 3, regeneration 1, shaggy fur 1, tough skin 1
a: Renounce Religion, Berserk, Trog's Hand, Brothers in Arms


You were on level 8 of the Dungeon.
You worshipped Trog.
Trog was greatly pleased with you.
You visited 2 branches of the dungeon, and saw 9 of its levels.

You collected 413 gold pieces.

Inventory:

Missiles
 b - 2 throwing nets {=f!f}
 e - 10 boomerangs (quivered)
 h - 39 poisoned darts
Armour
 d - a +1 robe of willpower (worn)
Jewellery
 g - a ring of protection from cold (left claw)
Wands
 x - a wand of iceblast (8)
Scrolls
 U - 3 scrolls of fear
Potions
 a - a potion of mutation {unknown}
 c - a potion of attraction {unknown}
 f - a potion of brilliance {unknown}
 C - a potion of berserk rage {!q}
 F - 2 potions of curing
 G - a potion of flight
 H - a potion of haste
 I - 2 potions of invisibility
 J - 2 potions of heal wounds
 N - a potion of might


   Skills:
 + Level 6.5 Fighting
 + Level 6.5 Dodging
 * Level 10.6 Unarmed Combat


You had 9 spell levels left.
You didn't know any spells.
Your spell library was empty.

Dungeon Overview and Level Annotations

Branches:
Dungeon (8/15)             Temple (1/1) D:7
   Lair: D:8-11

Altars:
Ashenzari
Elyvilon
Hepliaklqana
Nemelex Xobeh
Sif Muna
Trog
Wu Jian
Yredelemnul
The Shining One

Shops:
D:2 ?=*


Innate Abilities, Weirdness & Mutations

You are too large for most types of armour.
You have claws for hands.
Your natural rate of healing is unusually fast.
You are covered in fur. (AC +1)
You have tough skin. (AC +1)


Message History

You miss the killer bee.
The killer bee is severely wounded.
You feel very sick. The killer bee misses you.
The wight hits you from afar with a +2 halberd of venom!
You are more poisoned.
The killer bee stings you.
You are more poisoned.
The killer bee poisons you!
You miss the killer bee.
The killer bee is severely wounded.
You feel very sick. The killer bee stings you!
* * * LOW HITPOINT WARNING * * *
The wight hits you from afar with a +2 halberd of venom!
* * * LOW HITPOINT WARNING * * *
You feel drained.
* * * LOW HITPOINT WARNING * * *
You are more poisoned.
You feel extremely sick. The killer bee stings you.
* * * LOW HITPOINT WARNING * * *
You feel better. The killer bee stings you!
* * * LOW HITPOINT WARNING * * *
You are poisoned.
The killer bee poisons you! The killer bee closely misses you.
The wight hits you from afar with a +2 halberd of venom!
* * * LOW HITPOINT WARNING * * *
You feel very sick. The killer bee stings you.
* * * LOW HITPOINT WARNING * * *
You feel sick. The killer bee closely misses you.
You feel sick. The killer bee stings you!
* * * LOW HITPOINT WARNING * * *
You feel better. The killer bee barely misses you. The killer bee stings you.
* * * LOW HITPOINT WARNING * * *
You are poisoned.
The killer bee poisons you!
The wight hits you from afar with a +2 halberd of venom!
You die...

#..# #.# #..#
#.# #..# #.#
#######..# #.#
<........#####.#
#####......)...#
.....#..###.###
######....#.#
##@#.#.# #y#.#.#
. #z#.#.#
....####.#.#..
......†..#.###
.....#####.# ###
.#


You could see a killer bee and a wight.

Vanquished Creatures
  Harold (D:7)
  A steam dragon (D:7)
  3 water moccasins
  A sky beast (D:6)
  2 orc warriors
  3 black bears
  An ice beast (D:6)
  3 necrophages (D:7)
  A phantom (D:5)
  A kobold brigand (D:6)
  3 wyvern zombies
  A gnoll sergeant (D:5)
  A bullfrog (D:6)
  2 scorpions
  2 water moccasin zombies (D:5)
  A water moccasin skeleton (D:6)
  3 killer bees (D:8)
  4 wights (D:7)
  3 centaur zombies
  2 jellies (D:6)
  2 orc priests
  2 hounds
  A bullfrog skeleton (D:5)
  2 centaur skeletons
  3 iguanas
  3 gnoll shamans
  2 orc wizards (D:6)
  A hound skeleton (D:5)
  3 howler monkey zombies
  20 gnolls
  3 adders
  A shadow imp (D:6)
  A white imp (D:3)
  An adder skeleton (D:5)
  2 dart slugs
  13 orcs
  3 bats (D:1)
  8 endoplasms
  4 giant cockroaches
  9 hobgoblins
  8 jackals
  12 kobolds
  3 quokkas
  4 ball pythons
  3 frilled lizards
  8 goblins
  5 rats
166 creatures vanquished.

Vanquished Creatures (others)
  8 fungi (D:8)
  6 plants (D:8)
14 creatures vanquished.

Grand Total: 180 creatures vanquished

Notes
Turn   | Place    | Note
-------+----------+-------------------------------------------
     0 | D:1      | wakim the Troll Berserker began the quest for the Orb.
     0 | D:1      | Reached XP level 1. HP: 22/22 MP: 0/0
   129 | D:1      | Reached XP level 2. HP: 29/29 MP: 1/1
   370 | D:1      | Reached ** piety under Trog
   389 | D:1      | Reached XP level 3. HP: 36/36 MP: 2/2
   465 | D:1      | Found a faded altar of an unknown god.
   615 | D:2      | Found Imistrur's Magic Scroll Shop.
   659 | D:2      | Noticed a black bear
   673 | D:2      | Killed a black bear
   674 | D:2      | Reached skill level 4 in Unarmed Combat
   674 | D:2      | Reached XP level 4. HP: 45/45 MP: 3/3
   797 | D:2      | You fall into a shaft and drop 1 floor!
   896 | D:2      | Reached XP level 5. HP: 53/53 MP: 4/4
   978 | D:2      | Found Daostreg's General Store.
  1516 | D:2      | Found Lueffuir's Jewellery Shoppe.
  1718 | D:3      | Reached skill level 5 in Unarmed Combat
  1979 | D:3      | Found a bloodstained altar of Trog.
  1991 | D:3      | Found a shimmering blue altar of Sif Muna.
  2580 | D:4      | Reached XP level 6. HP: 52/61 MP: 5/5
  2687 | D:4      | Found a large runed translucent door.
  2693 | D:4      | Found a large runed translucent door.
  2724 | D:4      | Found an ornate altar of the Wu Jian Council.
  2727 | D:4      | Found a hazy altar of Hepliaklqana.
  3029 | D:4      | Found a sparkling altar of Nemelex Xobeh.
  3049 | D:4      | Reached *** piety under Trog
  3318 | D:5      | Entered Level 5 of the Dungeon
  3652 | D:5      | Noticed a water moccasin
  3663 | D:5      | Killed a water moccasin
  3664 | D:5      | Reached skill level 6 in Unarmed Combat
  3664 | D:5      | Reached XP level 7. HP: 68/68 MP: 6/6
  3730 | D:5      | Identified the +10 whip of the Depths {vamp, rElec rF-
                  | Str+2 Int+2}
  3892 | D:5      | Reached skill level 7 in Unarmed Combat
  4020 | D:5      | Reached XP level 8. HP: 74/79 MP: 7/7
  4488 | D:6      | Reached skill level 5 in Fighting
  4488 | D:6      | Reached skill level 5 in Dodging
  4488 | D:6      | Reached skill level 8 in Unarmed Combat
  4658 | D:6      | Reached **** piety under Trog
  4884 | D:6      | Found a white marble altar of Elyvilon.
  5061 | D:6      | Reached XP level 9. HP: 78/88 MP: 8/8
  5242 | D:6      | Found a broken altar of Ashenzari.
  5254 | D:6      | Found a glowing golden altar of the Shining One.
  5329 | D:7      | Reached skill level 9 in Unarmed Combat
  5673 | D:7      | Found a staircase to the Ecumenical Temple.
  5682 | Temple   | Entered the Ecumenical Temple
  5972 | D:7      | Noticed Harold
  5992 | D:7      | Killed Harold
  5993 | D:7      | Reached skill level 10 in Unarmed Combat
  6598 | D:8      | Found a basalt altar of Yredelemnul.
  6674 | D:8      | Reached XP level 10. HP: 100/100 MP: 9/9
  6691 | D:8      | HP: 1/97 [killer bee (7)]
  6692 | D:8      | Mangled by a wight

Illustrated notes

Levels and vault maps discovered:
D:1:      matt_arrival_los_fun, layout_rooms,
          ebering_ecumenical_altar_sacrificial
D:2:      layout_basic, serial_shops, shop, nicolae_shop_statue_plus, shop,
          kennysheep_generic_room_11
D:3:      layout_loops_cross, nzn_overflow_gifts_of_might_and_magic,
          grunt_ministairs_7, minmay_misc_feat_four_crosses, minmay_liquid_box,
          minmay_misc_feat_columns
D:4:      layout_rooms, general_overflow_altar, jmf_multi_god_temple2,
          kennysheep_flooded_box, chequers_jeans,
          chequers_serial_rivers_small_a, minmay_tree_intersection,
          minmay_quantized
D:5:      layout_loops_ring
D:6:      layout_loops_ring, elyvilon_altar_4, kennysheep_mini_moat,
          kennysheep_little_box
D:7:      layout_basic, minmay_temple_entry_mini_moons, uniq_harold
D:8:      layout_loops_ring, fedhas_altar_3, lemuel_zombie_altar_yredelemnul,
          xom_shifter_show, minivault_24
Temple:   cyrus_temple_forest

Skill      XL: |  1  2  3  4  5  6  7  8  9 |
---------------+----------------------------+-----
Fighting       | 3 4 5 6 |  6.5
Dodging        | 3 4 5 6 |  6.5
Unarmed Combat | 4 5 6 7 8 10 | 10.6

Action                   |  1- 3 |  4- 6 |  7- 9 | 10-12 || total
-------------------------+-------+-------+-------+-------++-------
Melee: Unarmed           |    52 |   164 |   237 |    12 ||   465
       Punch             |     1 |     1 |    14 |       ||    16
Throw: Dart              |       |       |     1 |       ||     1
       Boomerang         |       |       |     5 |       ||     5
Invok: Berserk           |     1 |     3 |     6 |       ||    10
       Trog's Hand       |       |       |     2 |     1 ||     3
  Use: Scroll            |       |    11 |     4 |       ||    15
       Potion            |       |       |       |     2 ||     2
 Stab: Sleeping          |       |     1 |       |       ||     1
Armor: Animal skin       |    16 |    30 |       |       ||    46
       Robe              |       |     8 |    40 |     2 ||    50
Dodge: Dodged            |    21 |    53 |    99 |    15 ||   188

Table legend: (Time is in decaauts)
 A = Elapsed time spent in this place.
 B = Non-inter-level travel time spent in this place.
 C = Inter-level travel time spent in this place.
 D = Time resting spent in this place.
 E = Time spent auto-exploring this place.
 F = Levels seen in this place.
 G = Mean time per level.
                   A        B        C        D        E       F      G
               +--------+--------+--------+--------+--------+-----+--------+
         Total |   6721 |   6453 |    268 |    369 |   4700 |   9 |  746.8 |
       Dungeon |   6719 |   6451 |    268 |    369 |   4700 |   8 |  839.9 |
        Temple |      1 |      1 |      0 |      0 |      0 |   1 |    1.0 |
               +--------+--------+--------+--------+--------+-----+--------+

Top non-repeatable levels by time:
     D:7: 1160 daAuts
     D:6: 1098 daAuts
     D:2: 1022 daAuts
     D:5: 967 daAuts
     D:3: 864 daAuts
     D:4: 853 daAuts
     D:1: 612 daAuts
     D:8: 142 daAuts
  Temple: 1 daAuts
